 Dungeon Crawl Stone Soup version 0.29.1-1-gd02db6906a (webtiles) character file.

Game seed: 4661394730103951249

13230 ImASeal the Cleaver (level 11, 0/105 HPs)
             Began as a Troll Fighter on Oct 11, 2022.
             Was the Champion of Elyvilon.
             Slain by a sun demon (15 damage)
             ... summoned by an orc sorcerer
             ... on level 1 of the Orcish Mines.
             The game lasted 00:45:10 (11693 turns).

ImASeal the Cleaver (Troll Fighter)                Turns: 11693, Time: 00:45:12

Health: 0/105      AC:  5    Str: 36    XL:     11   Next: 72%
Magic:  10/10      EV:  8    Int:  4    God:    Elyvilon [******]
Gold:   794        SH: 13    Dex:  9    Spells: 10/10 levels left

rFire   x . .      SeeInvis .   a - +0 war axe
rCold   . . .      Faith    .   v - +0 tower shield
rNeg    . . .      Spirit   .   x - +1 robe "Fauseps" {rPois rC- Slay+3 Archmagi}
rPois   +          Reflect  .   (helmet restricted)
rElec   .          Harm     .   H - scarf {+Inv}
rCorr   .          Rampage  .   (gloves unavailable)
Will    .....      Archmagi +   (boots unavailable)
Stlth   +.........              (no amulet)
HPRegen 1.07/turn               y - ring of ice
MPRegen 0.12/turn               s - +6 ring of strength

@: no status effects
A: large, unfitting armour, claws 3, regeneration 1, shaggy fur 1, tough skin 1
a: Renounce Religion, Evoke Invisibility, Purification, Heal Other, Heal Self,
Divine Vigour


You were on level 1 of the Orcish Mines.
You worshipped Elyvilon.
Elyvilon was exalted by your worship.
You visited 4 branches of the dungeon, and saw 14 of its levels.

You collected 794 gold pieces.

Inventory:

Hand Weapons
 a - a +0 war axe (weapon)
 I - a +1 antimagic hammer
 L - a +6 dagger of holy wrath
 V - a +0 hand crossbow
Missiles
 b - 4 silver javelins
 z - 34 poisoned darts
 C - 4 boomerangs (quivered)
 N - a boomerang of dispersal
 O - a curare-tipped dart
 P - 4 large rocks
Armour
 v - a +0 tower shield (worn)
 x - the +1 robe "Fauseps" (worn) {rPois rC- Slay+3 Archmagi}
   (You took it off a goblin on level 4 of the Dungeon)

   Slay:      It affects your accuracy & damage with ranged weapons and melee
   (+3).
   rC:        It makes you vulnerable to cold.
   rPois:     It protects you from poison.
   Archmagi:  It increases the power of your magical spells.
 E - an orb of mayhem
 F - +0 fire dragon scales
 G - a +0 troll leather armour
 H - a scarf of invisibility (worn)
 Y - +0 acid dragon scales
Jewellery
 p - a ring of protection from fire
 s - a +6 ring of strength (right claw)
 y - a ring of ice (left claw)
 U - a ring of fire
 X - a ring of ice
Wands
 l - a wand of light (3)
 Q - a wand of charming (11)
 R - a wand of flame (7)
 W - a wand of digging (5)
Scrolls
 e - 4 scrolls of amnesia
 g - a scroll of butterflies {unknown}
 h - 2 scrolls of blinking {unknown}
 j - 4 scrolls of teleportation
 n - a scroll of identify
 r - a scroll of acquirement
 A - a scroll of enchant weapon
 B - 5 scrolls of fear
 D - a scroll of enchant armour
 T - a scroll of immolation {unknown}
Potions
 c - a potion of lignification {unknown}
 d - a potion of might
 f - 2 potions of haste
 i - 4 potions of invisibility
 m - 2 potions of attraction
 o - 5 potions of curing
 u - 2 potions of cancellation
 J - a potion of ambrosia
 K - a potion of mutation {unknown}
 M - 2 potions of heal wounds {unknown}
 S - a potion of magic {unknown}


   Skills:
 + Level 6.2 Fighting
 * Level 12.0 Axes
 + Level 3.6 Throwing
 + Level 5.8 Dodging
 - Level 0.1 Stealth
 + Level 7.5 Shields
 + Level 0.1 Invocations


You had 10 spell levels left.
You didn't know any spells.
Your spell library contained the following spells:

 Spells                   Type           Power      Damage    Failure   Level
 Airstrike                Air            0%         2d(0-16)  100%        4
 Summon Lightning Spire   Summ/Air       0%         N/A       100%        4
 Lightning Bolt           Conj/Air       0%         1d11      100%        5


Dungeon Overview and Level Annotations

Branches:
Dungeon (11/15)            Temple (1/1) D:4            Lair (1/5) D:10
    Orc (1/2) D:11

Altars:
Ashenzari
Cheibriados
Dithmenos
Elyvilon
Fedhas
Gozag
Hepliaklqana
Kikubaaqudgha
Makhleb
Nemelex Xobeh
Okawaru
Qazlal
Ru
Sif Muna
Trog
Uskayaw
Vehumet
Wu Jian
Xom
Yredelemnul
Zin
The Shining One


Innate Abilities, Weirdness & Mutations

You are too large for most types of armour.
You have claws for hands.
Your natural rate of healing is unusually fast.
You are covered in fur. (AC +1)
You have tough skin. (AC +1)


Message History

The orc throws a boomerang.
You block the boomerang.
An orc sorcerer comes into view.
It is wielding a +0 dagger and wearing a +2 robe of positive energy.
You throw a boomerang. The boomerang hits the orc!
You kill the orc!
You throw a boomerang.
The boomerang closely misses the orc wizard.
You throw a boomerang. The boomerang hits the orc wizard!
The orc wizard is severely wounded.
The orc wizard points at you and mumbles some strange words.
The magic dart hits you!
You throw a boomerang. The boomerang hits the orc wizard!
You kill the orc wizard!
The orc sorcerer shouts!
You hear a shout! x2
You throw a boomerang. The boomerang hits the orc sorcerer!
The orc sorcerer is moderately wounded.
You throw a boomerang.
The boomerang closely misses the orc sorcerer.
You throw a boomerang. The boomerang hits the orc sorcerer.
The orc sorcerer is heavily wounded.
You throw a boomerang.
The boomerang barely misses the orc sorcerer.
An orc comes into view. It is wielding a +0 club.
The orc sorcerer casts a spell at you. The bolt of fire hits you!!!
The fire burns you terribly!
You hit the orc sorcerer.
The orc sorcerer is heavily wounded.
The orc sorcerer gestures wildly while chanting.
You closely miss the orc sorcerer.
The orc sorcerer is heavily wounded.
The orc sorcerer gestures at you while chanting.
The bolt of fire hits you!! The fire burns you terribly!
You hear a shout!
You slash the orc sorcerer!
The orc sorcerer is almost dead.
You hit the sun demon but do no damage.
You hear a shout!
The sun demon hits you!!
* * * LOW HITPOINT WARNING * * *
You are engulfed in flames!
The fire burns you terribly!
You die...

*...#.#......,,,,,*,**,
*#..........#.o,,,,,,**
##.............,,,*,** ###*
##...#.##...o.>.*,,,** #..#*
#.............$.,,,** ....*
##....#.##.......,,**
#...#####....#.##..)....,,**
*#....#.#...#...3)..#*,,,*,**
###..........#.#@o..##,,,,,,*
.#..........###......#*,,,,**
.##.....#.###*##.##...#*,,,,**
.......#...##.*###*#..##*,,,,*
.......##.....,* ###...#***,**
...#..)#...##.**##.##.## ***
........#.)######....##
#..##..........##.....#
......#.........##....##


You could see a sun demon (summoned), an orc sorcerer and an orc.

Vanquished Creatures
  A two-headed ogre (D:11)
  Pikel (D:4)
  A deep elf pyromancer (D:11)
  2 oklob plants (D:10)
  An ugly thing (D:11)
  A cyclops (D:11)
  An unseen horror (D:11)
  2 trolls
  A hornet (D:9)
  Grinder (D:5)
  19 yaks
  2 wyverns
  2 wraiths
  A steam dragon (D:9)
  Eustachio (D:4)
  Menkaure (D:6)
  A warg (Orc:1)
  Duvessa (D:6)
  2 acid dragons (D:11)
  A water moccasin (D:6)
  A swamp drake (D:11)
  3 orc warriors
  3 sky beasts
  2 ice beasts
  5 ogres
  2 centaurs
  4 lemures (D:4)
  A phantom (D:6)
  2 kobold brigands
  3 bullfrogs
  3 necrophages
  A scorpion (D:5)
  5 wights (D:6)
  Dowan (D:6)
  23 killer bees
  5 howler monkeys
  4 hounds
  Crazy Yiuf (D:5)
  4 jellies
  11 orc priests
  Natasha (twice) (D:4)
  12 orc wizards
  2 iguanas
  7 gnolls
  8 adders
  3 white imps
  2 ufetubi (D:5)
  A worm (D:5)
  2 dart slugs
  39 orcs
  9 ball pythons
  11 endoplasms
  9 goblins
  7 hobgoblins
  2 jackals (D:1)
  6 quokkas
  8 bats
  2 frilled lizards
  25 kobolds
  6 rats
290 creatures vanquished.

Vanquished Creatures (others)
  3 fungi (D:2)
  11 plants (D:10)
  7 toadstools (D:2)
21 creatures vanquished.

Grand Total: 311 creatures vanquished

Notes
Turn   | Place    | Note
-------+----------+-------------------------------------------
     0 | D:1      | ImASeal the Troll Fighter began the quest for the Orb.
     0 | D:1      | Reached XP level 1. HP: 22/22 MP: 0/0
   200 | D:1      | Reached XP level 2. HP: 29/29 MP: 1/1
   694 | D:1      | Reached XP level 3. HP: 36/36 MP: 2/2
   819 | D:2      | Reached skill level 2 in Axes
   969 | D:2      | Found a faded altar of an unknown god.
  1276 | D:2      | Reached XP level 4. HP: 17/44 MP: 3/3
  1300 | D:2      | Reached skill level 3 in Axes
  1823 | D:2      | Prayed at the altar of an unknown god.
  1823 | D:2      | Became a worshipper of Elyvilon the Healer
  1823 | D:2      | Reached * piety under Elyvilon
  1918 | D:3      | Reached XP level 5. HP: 46/52 MP: 4/4
  2161 | D:3      | Reached ** piety under Elyvilon
  2551 | D:4      | Found a sparkling altar of Nemelex Xobeh.
  2556 | D:4      | Noticed a lemure
  2556 | D:4      | Noticed a lemure
  2585 | D:4      | Killed a lemure
  2591 | D:4      | Killed a lemure
  2666 | D:4      | Noticed a lemure
  2667 | D:4      | Noticed a lemure
  2685 | D:4      | Killed a lemure
  2688 | D:4      | Identified the +1 robe "Fauseps" {rPois rC- Slay+3
                  | Archmagi}
  2738 | D:4      | Killed a lemure
  2749 | D:4      | Noticed Pikel
  2759 | D:4      | Killed Pikel
  2760 | D:4      | Reached skill level 5 in Axes
  2760 | D:4      | Reached XP level 6. HP: 52/61 MP: 5/5
  2760 | D:4      | Reached XP level 7. HP: 57/67 MP: 6/6
  2812 | D:4      | Found a bloodstained altar of Trog.
  2851 | D:4      | Noticed Natasha
  2855 | D:4      | Killed Natasha
  3062 | D:4      | Found a staircase to the Ecumenical Temple.
  3077 | Temple   | Entered the Ecumenical Temple
  3246 | D:4      | Noticed Eustachio
  3266 | D:4      | Killed Eustachio
  3267 | D:4      | Reached skill level 6 in Axes
  3373 | D:4      | Noticed Natasha
  3376 | D:4      | Killed Natasha
  3396 | D:4      | Reached XP level 8. HP: 76/76 MP: 7/7
  3582 | D:4      | Reached *** piety under Elyvilon
  3678 | D:5      | Entered Level 5 of the Dungeon
  3731 | D:5      | Found an opulent altar of Gozag.
  3964 | D:5      | Noticed Grinder
  3977 | D:5      | Paralysed by Grinder for 4 turns
  3984 | D:5      | Paralysed by Grinder for 4 turns
  3991 | D:5      | Killed Grinder
  4091 | D:5      | Found a runed translucent door.
  4092 | D:5      | Noticed Crazy Yiuf
  4170 | D:5      | Killed Crazy Yiuf
  4263 | D:5      | Reached skill level 7 in Axes
  4545 | D:5      | Identified a scroll of acquirement
  4549 | D:6      | Noticed Menkaure
  4785 | D:6      | Killed Menkaure
  4968 | D:6      | Reached skill level 5 in Shields
  4989 | D:6      | Noticed Dowan
  5001 | D:6      | Killed Dowan
  5008 | D:6      | Noticed Duvessa
  5019 | D:6      | Killed Duvessa
  5020 | D:6      | Reached XP level 9. HP: 31/80 MP: 8/8
  5112 | D:6      | Reached skill level 8 in Axes
  5259 | D:6      | Reached **** piety under Elyvilon
  5321 | D:6      | Found a white marble altar of Elyvilon.
  5650 | D:7      | Found an ornate altar of the Wu Jian Council.
  5776 | D:7      | Reached skill level 9 in Axes
  5804 | D:7      | Reached skill level 1 in Throwing
  6262 | D:7      | Reached ***** piety under Elyvilon
  6451 | D:8      | Reached XP level 10. HP: 62/94 MP: 9/9
  6548 | D:8      | Reached skill level 5 in Fighting
  6601 | D:8      | Found a broken altar of Ashenzari.
  6623 | D:8      | Found a hide-covered altar of Uskayaw.
  6690 | D:8      | Reached skill level 10 in Axes
  7689 | D:9      | Reached ****** piety under Elyvilon
  7793 | D:9      | Reached skill level 5 in Dodging
  8409 | D:10     | Entered Level 10 of the Dungeon
  8582 | D:10     | Found a stormy altar of Qazlal.
  8844 | D:10     | Reached skill level 11 in Axes
  8876 | D:10     | Noticed an oklob plant
  8882 | D:10     | Found a staircase to the Lair.
  8889 | D:10     | Noticed an oklob plant
  9194 | D:10     | Killed an oklob plant
  9195 | D:10     | Reached XP level 11. HP: 69/104 MP: 10/10
  9250 | D:10     | Killed an oklob plant
  9471 | Lair:1   | Entered Level 1 of the Lair of Beasts
  9537 | D:11     | Noticed a deep elf pyromancer
  9825 | D:11     | Found a stormy altar of Qazlal.
  9986 | D:11     | Noticed a two-headed ogre
 10154 | D:11     | Killed a two-headed ogre
 10166 | D:11     | Noticed a brown ugly thing
 10179 | D:11     | Killed a brown ugly thing
 10255 | D:11     | Killed a deep elf pyromancer
 10727 | D:11     | Found a staircase to the Orcish Mines.
 10765 | Orc:1    | Entered Level 1 of the Orcish Mines
 10932 | Orc:1    | HP: 4/105 [something/puff of flame (12)]
 10932 | Orc:1    | Elyvilon protects you from harm!
 11353 | D:11     | Reached skill level 12 in Axes
 11666 | Orc:1    | Noticed an orc sorcerer
 11692 | Orc:1    | Noticed a sun demon
 11693 | Orc:1    | Slain by a sun demon

Illustrated notes

Levels and vault maps discovered:
D:1:      dpeg_arrival_line_fractal, layout_basic
D:2:      cheibrodos_fertilizer, layout_loops_cross,
          hellmonk_ecumenical_altar_zigzags
D:3:      layout_loops_ring, minmay_surrounded
D:4:      layout_loops_corners, trog_three_pillars_becter, lemuel_crystal_altar,
          minmay_temple_entry_stoned_glass, uniq_natasha, uniq_eustachio,
          uniq_pikel
D:5:      layout_basic, kennysheep_mini_moat, uniq_grinder,
          uniq_crazy_yiuf_cottage
D:6:      layout_loops_cross, elyvilon_altar_5, uniq_menkaure, uniq_duvessa
D:7:      layout_basic, nicolae_wu_jian_wuxing_cycle
D:8:      layout_cave_pods, nicolae_uskayaw_dance_hall,
          mainiacjoe_overflow_small_starburst, roderic_cross_of_infinity
D:9:      layout_long_grid, minmay_fractal_squares_gapless_5
D:10:     layout_rooms, kennysheep_little_box, dpeg_oklobed_lair
D:11:     layout_irregular_city, erik_orc_1, chequers_serial_rivers_micro_b,
          st_stairs_4, nicolae_qazlal_style_of_elements
Temple:   jpeg_temple_clearing
Lair:1:   layout_chaotic_city, grunt_megastairs_2
Orc:1:    layout_caves

Skill      XL: |  1  2  3  4  5  6  7  8  9 10 11 |
---------------+----------------------------------+-----
Shields        | 3 4 5 6 7 |  7.5
Axes           | 2 3 5 6 7 9 11 12 | 12.0
Fighting       | 3 4 5 6 |  6.2
Dodging        | 3 4 5 |  5.8
Throwing       | 1 2 3 |  3.6
Stealth        | |  0.1
Invocations    | |  0.1

Action                   |  1- 3 |  4- 6 |  7- 9 | 10-12 || total
-------------------------+-------+-------+-------+-------++-------
Melee: War axe           |   128 |   168 |   314 |   442 ||  1052
Throw: Stone             |       |       |    64 |    52 ||   116
       Dart              |       |       |     3 |    16 ||    19
       Boomerang         |       |       |     2 |    44 ||    46
       Throwing net      |       |       |     1 |       ||     1
       Javelin           |       |       |       |     3 ||     3
Invok: Purification      |       |       |       |     2 ||     2
       Heal Self         |       |       |       |     1 ||     1
  Use: Scroll            |       |       |    10 |     8 ||    18
       Potion            |       |       |     1 |     3 ||     4
 Stab: Sleeping          |     1 |     1 |       |       ||     2
       Distracted        |     1 |       |       |       ||     1
Armor: Robe              |    56 |    51 |    70 |    84 ||   261
Dodge: Dodged            |    58 |    56 |    90 |   162 ||   366
Block: Kite shield       |    53 |    20 |       |       ||    73
       Tower shield      |       |    79 |   219 |   342 ||   640
